Map: Nightshade LE

Players

Sylar

  • Race: Zerg Zerg
  • League: Master
  • Spawn Location: 5:00

Lyra - Winner!

  • Race: Terran Terran
  • League: Master
  • Spawn Location: 11:00

VOD

Have the link to the VOD?

Description

Hellion BC opener into mech

Time

  • Played on: Feb. 1, 2020, 6:18 p.m.
  • Length: 26:17
Show
View Real Time Build Order
Export as new Build Order

Sylar Zerg 

Build Orders: Hatch First, Swarm Host 

Get SALT Encoding   

  12  0:01  Drone  
  13  0:08  Drone  
  14  0:20  Extractor  
  14  0:21  Drone, Extractor  
  12  0:22  Drone  
  12  0:26  Overlord  
  16  0:49  Hatchery  
  15  0:52  Drone  
  15  0:55  Drone  
  17  0:59  Drone  
  18  1:09  Extractor  
  17  1:14  Spawning Pool  
  17  1:16  Drone  
  17  1:20  Drone  
  18  1:27  Drone  
  19  1:37  Drone  
  20  1:48  Drone  
  21  2:01  Queen x2  
  21  2:02  Overlord  
  21  2:05  Zergling x2  
  26  2:09  Metabolic Boost  
  26  2:10  Zergling x2  
  27  2:16  Drone  
  27  2:33  Hatchery  
  27  2:34  Drone x2  
  28  2:37  Drone  
  29  2:46  Drone x2  
  29  2:49  Overlord  
  31  2:53  Drone  
  31  2:56  Drone  
  33  3:03  Queen  
  33  3:04  Drone  
  36  3:08  Drone  
  36  3:11  Drone x2  
  39  3:13  Drone  
  39  3:18  Pneumatized Carapace  
  40  3:22  Drone  
  40  3:24  Overlord  
  41  3:34  Drone x2  
  41  3:37  Zergling x2  
  44  3:44  Queen  
  44  3:45  Queen  
  44  3:47  Zergling x6  
  51  3:52  Drone  
  51  3:53  Baneling Nest  
  51  3:57  Drone x3  
  51  4:00  Overlord  
  54  4:03  Overlord  
  54  4:05  Drone  
  54  4:07  Drone  
  56  4:10  Drone  
  56  4:12  Drone  
  56  4:16  Spore Crawler x2  
  56  4:20  Spore Crawler  
  53  4:26  Queen  
  53  4:27  Drone  
  53  4:28  Drone  
  53  4:29  Drone  
  58  4:34  Queen  
  58  4:37  Drone x2  
  61  4:52  Drone x7  
  68  4:53  Drone x2  
  68  4:55  Lair  
  68  4:59  Zergling x4  
  70  5:19  Queen  
  70  5:20  Overlord x2  
  70  5:21  Overlord x3  
  72  5:24  Evolution Chamber, Queen  
  72  5:27  Evolution Chamber  
  71  5:35  Drone x3  
  68  5:40  Extractor  
  68  5:41  Zergling x2  
  68  5:42  Zergling x8  
  71  5:44  Extractor  
  71  5:45  Overlord  
  69  5:52  Zerg Melee Weapons Level 1, Drone x6  
  69  5:53  Zerg Ground Armor Level 1  
  73  5:58  Drone x2, Extractor x2  
  73  5:59  Drone x3  
  76  6:08  Drone x3  
  76  6:09  Drone x2  
  79  6:18  Drone x3  
  79  6:23  Extractor  
  78  6:30  Centrifical Hooks  
  77  6:46  Zergling x4  
  77  6:47  Zergling x18  
  88  7:05  Hydralisk Den  
  88  7:06  Drone x8  
  88  7:08  Hatchery  
  94  7:11  Overseer  
  94  7:13  Overlord  
  94  7:17  Roach Warren  
  94  7:20  Infestation Pit, Drone  
  94  7:21  Drone x3  
  96  7:33  Zergling x6  
  96  7:34  Zergling x6  
  98  7:42  Overseer  
  98  7:43  Baneling x2  
  98  7:44  Baneling x3  
  96  7:48  Baneling x9  
  96  7:56  Zerg Missile Weapons Level 1, Zerg Melee Weapons Level 2  
  96  7:58  Glial Reconstitution  
  96  7:59  Roach x3  
  96  8:00  Roach x6  
  114  8:06  Roach x3  
  108  8:30  Queen  
  108  8:32  Hydralisk x5  
  118  8:35  Overlord x3  
  118  8:37  Hive  
  118  8:39  Nydus Network  
  115  8:44  Ravager x3  
  115  8:45  Overlord  
  118  8:55  Zergling x18  
  127  8:57  Drone x3  
  127  8:58  Drone x3  
  133  9:05  Drone x2  
  133  9:06  Drone  
  136  9:13  Grooved Spines  
  136  9:15  Baneling x6  
  136  9:21  Drone  
  124  9:33  Roach x8  
  124  9:34  Roach x2  
  124  9:38  Overlord x2  
  137  9:42  Extractor x2  
  135  9:47  Overlord x4  
  135  9:49  Zergling x2  
  135  9:50  Zergling x10  
  136  10:15  Swarm Host  
  136  10:16  Swarm Host x9  
  166  10:24  Roach x9  
  166  10:25  Muscular Augments  
  166  10:28  Zerg Missile Weapons Level 2  
  184  10:32  Drone x4  
  184  10:33  Drone  
  189  10:43  Baneling x7  
  186  10:53  Hydralisk x3  
  186  10:55  Nydus Canal  
  191  10:59  Overlord x3, Spire  
  185  11:16  Hydralisk  
  185  11:17  Hydralisk x5  
  196  11:18  Hatchery  
  183  11:41  Hydralisk  
  183  11:42  Hydralisk x10  
  183  11:44  Zergling x4  
  174  12:09  Nydus Canal  
  176  12:15  Roach  
  176  12:16  Roach x11  
  183  12:38  Overseer x2  
  183  12:42  Nydus Canal  
  183  12:46  Zerg Missile Weapons Level 3  
  183  12:48  Drone x6  
  187  12:55  Hydralisk x6  
  187  12:56  Hydralisk x6  
  196  13:06  Hatchery  
  184  13:24  Viper x3  
  175  13:28  Hydralisk x7  
  175  13:31  Zergling x12  
  175  13:32  Zergling x2  
  196  13:40  Zergling x8  
  200  13:45  Nydus Canal, Roach x4  
  200  14:02  Ravager x4  
  194  14:09  Hydralisk x10  
  195  14:52  Hydralisk  
  193  14:53  Hydralisk x2  
  199  15:00  Hatchery  
  189  15:12  Hydralisk x8  
  158  15:28  Zergling x10  
  157  15:36  Roach  
  152  15:48  Hydralisk x3  
  150  16:07  Hydralisk x3  
  110  16:26  Hydralisk x3  
  112  16:35  Roach x2  
  112  16:37  Roach x3  
  112  16:39  Roach x4  
  130  16:41  Hatchery  
  127  16:59  Hydralisk x5  
  131  17:09  Hatchery  
  131  17:11  Roach  
  131  17:12  Roach x3  
  138  17:19  Swarm Host x3  
  147  17:36  Ravager x7  
  131  18:28  Ravager x5  
  131  18:29  Nydus Canal  
  136  19:16  Roach x5  
  144  19:31  Nydus Canal  
  144  19:39  Ravager x5  
  144  19:45  Hydralisk x2  
  153  19:55  Nydus Canal  
  144  20:32  Viper x3  
  147  20:46  Overseer  
  147  20:55  Nydus Canal  
  147  21:01  Zergling x2  
  147  21:02  Zergling x16  
  142  21:32  Hatchery, Nydus Canal  
  116  22:02  Hydralisk  
  110  23:13  Drone x3  
  110  23:14  Drone  
  114  23:47  Hydralisk  
  116  23:51  Extractor  
  116  23:52  Extractor  
  114  23:59  Zergling x8  
  114  24:00  Zergling x2  
  117  24:33  Nydus Canal  
  94  25:29  Nydus Canal  
Show
View Real Time Build Order
Export as new Build Order

Lyra Terran - Winner!

Build Orders: Hellion Opening, Reaper Expand, Mech 

Get SALT Encoding   

  12  0:00  SCV  
  13  0:12  SCV  
  14  0:17  Supply Depot  
  14  0:25  SCV  
  15  0:39  SCV  
  15  0:41  Barracks  
  16  0:44  Refinery  
  16  0:51  SCV  
  17  1:03  SCV  
  18  1:15  SCV  
  19  1:28  Reaper, Orbital Command  
  20  1:42  Command Center  
  20  1:54  SCV  
  20  1:58  Supply Depot  
  20  2:00  Marine  
  22  2:06  SCV  
  23  2:09  Factory  
  23  2:16  Refinery  
  23  2:19  SCV  
  23  2:20  Barracks Reactor  
  24  2:31  SCV  
  25  2:44  SCV  
  26  2:56  SCV, Orbital Command  
  27  2:58  Starport  
  27  3:05  Hellion x2  
  31  3:06  Barracks Tech Lab  
  31  3:08  SCV  
  32  3:20  SCV  
  32  3:22  SCV  
  32  3:26  Hellion  
  32  3:27  Hellion, Supply Depot  
  38  3:32  SCV  
  39  3:34  SCV  
  39  3:39  Fusion Core  
  40  3:44  SCV  
  40  3:47  SCV  
  40  3:48  Hellion x2  
  46  3:52  Supply Depot  
  49  3:56  SCV  
  49  3:59  SCV  
  51  4:08  SCV  
  52  4:11  SCV  
  52  4:15  Supply Depot  
  53  4:20  SCV  
  53  4:23  SCV  
  52  4:27  Battlecruiser  
  58  4:32  SCV  
  58  4:34  Command Center  
  58  4:35  SCV  
  58  4:37  Supply Depot  
  60  4:40  Hellion  
  60  4:41  Hellion  
  60  4:45  SCV  
  65  4:47  SCV, Refinery  
  65  4:49  Refinery  
  66  4:57  SCV  
  66  4:59  SCV  
  68  5:04  Hellion x2  
  72  5:07  Factory  
  72  5:09  SCV  
  72  5:11  SCV, Factory  
  72  5:21  SCV  
  73  5:23  SCV  
  73  5:25  Hellion x2  
  76  5:33  SCV  
  72  5:35  SCV  
  69  5:45  SCV  
  69  5:46  Hellion x2  
  69  5:47  Orbital Command  
  69  5:48  SCV  
  75  5:56  Factory Tech Lab x2  
  75  5:57  SCV  
  75  5:58  Factory x2  
  75  5:59  Refinery  
  75  6:00  SCV  
  75  6:01  Refinery  
  77  6:09  SCV  
  78  6:12  SCV, Supply Depot  
  78  6:14  Orbital Command  
  78  6:15  Supply Depot, Cyclone  
  82  6:19  Cyclone  
  82  6:21  SCV  
  82  6:24  SCV  
  87  6:29  Infernal Pre-Igniter  
  87  6:30  Mag-Field Accelerator  
  87  6:33  SCV  
  87  6:36  SCV  
  87  6:37  Hellion x2  
  93  6:40  SCV  
  93  6:41  Supply Depot  
  93  6:45  SCV, Supply Depot  
  95  6:48  SCV  
  95  6:50  Engineering Bay  
  95  6:52  SCV  
  97  6:58  SCV, Factory Tech Lab  
  97  6:59  Cyclone, Factory Reactor  
  97  7:00  SCV, Cyclone  
  105  7:04  SCV  
  106  7:10  SCV  
  106  7:12  SCV  
  106  7:13  Supply Depot  
  108  7:16  SCV  
  108  7:17  Armory  
  108  7:19  Supply Depot  
  108  7:20  Hellion  
  108  7:22  SCV  
  112  7:24  SCV  
  112  7:28  SCV, Missile Turret  
  114  7:32  Cyclone x2  
  114  7:34  SCV  
  114  7:36  SCV  
  122  7:40  SCV  
  123  7:46  SCV, Command Center  
  124  7:58  Siege Tank  
  127  7:59  Hellion x2  
  127  8:00  Hellion x2  
  127  8:04  Armory, Siege Tank x2  
  127  8:05  Supply Depot, Terran Vehicle And Ship Armor Level 1  
  141  8:12  SCV x2  
  141  8:16  SCV  
  138  8:24  Hellion x2  
  138  8:25  SCV  
  139  8:30  Cyclone  
  139  8:36  Siege Tank  
  142  8:41  Cyclone  
  142  8:42  Hellion  
  142  8:43  Hellion  
  142  8:45  Hellion  
  149  8:49  Factory  
  149  8:50  Supply Depot  
  149  8:52  Supply Depot x2, Factory  
  149  8:58  Missile Turret x2  
  149  9:02  Cyclone  
  152  9:04  Supply Depot  
  152  9:08  Siege Tank  
  152  9:09  Hellion  
  157  9:14  Siege Tank  
  157  9:15  Supply Depot  
  160  9:23  Hellion  
  160  9:24  Hellion x2  
  164  9:28  Battlecruiser  
  161  9:34  Hellion, Cyclone  
  161  9:35  Hellion, Factory Tech Lab  
  168  9:40  Siege Tank  
  171  9:46  Cyclone  
  171  9:48  Hellion x3  
  171  9:49  Refinery  
  180  9:55  Refinery  
  180  9:59  Factory Tech Lab, Siege Tank  
  183  10:06  Cyclone  
  170  10:07  Missile Turret  
  170  10:12  Siege Tank  
  173  10:18  Siege Tank  
  173  10:20  Siege Tank  
  179  10:22  Hellion x4  
  179  10:28  Planetary Fortress  
  187  10:30  Command Center  
  187  10:31  Siege Tank  
  187  10:34  Terran Vehicle Weapons Level 1  
  190  10:39  Siege Tank  
  190  10:40  SCV x2  
  195  10:44  Hellion x2  
  195  10:45  Hellion  
  199  11:00  Terran Vehicle And Ship Armor Level 2  
  199  11:07  Factory x2, Starport x2  
  195  11:21  Drilling Claws  
  195  11:22  Smart Servos  
  195  11:38  Cyclone  
  195  11:39  Cyclone x2  
  200  11:40  Hellion  
  198  11:53  Cyclone x2  
  195  12:05  Factory Tech Lab x2  
  195  12:06  Starport Reactor x2  
  195  12:10  Siege Tank  
  193  12:25  Thor  
  191  12:31  Cyclone  
  191  12:32  Cyclone x2  
  183  12:48  Liberator x3  
  183  12:50  Advanced Ballistics  
  184  13:02  Hellion x2  
  173  13:09  Refinery, Siege Tank x2  
  173  13:10  Hellion x3, Refinery  
  173  13:11  Hellion x2  
  176  13:22  Hellion x2  
  176  13:23  Hellion  
  160  13:36  Siege Tank x3  
  160  13:37  Hellion x3  
  177  13:41  Hellion  
  177  13:42  Liberator x3  
  177  13:43  Hellion  
  177  13:44  Hellion x2  
  189  14:03  Cyclone  
  189  14:04  Hellion x4  
  189  14:05  Cyclone x2  
  179  14:41  Siege Tank  
  179  14:42  Siege Tank x5  
  179  14:43  Hellion  
  168  15:24  Liberator x4  
  168  15:26  Cyclone x5  
  168  15:27  Hellion x2  
  197  15:36  Planetary Fortress  
  197  15:38  Refinery  
  197  15:39  Refinery  
  191  15:42  Command Center  
  191  15:43  Command Center  
  191  15:44  Command Center  
  182  15:55  Cyclone x2  
  182  15:56  Hellion x2  
  182  16:11  Cyclone x3  
  170  16:12  Hellion x3  
  170  16:17  Cyclone  
  166  16:18  Hellion  
  166  16:19  Hellion  
  149  16:32  Liberator  
  149  16:34  Liberator  
  155  16:47  Thor  
  146  17:07  Siege Tank x3  
  151  17:08  Hellion x2  
  142  17:30  Orbital Command  
  142  17:39  Orbital Command  
  142  17:58  Siege Tank  
  142  17:59  Siege Tank x2  
  137  18:13  Siege Tank x2  
  131  18:44  Liberator  
  131  18:45  Liberator x4  
  140  18:57  Orbital Command  
  134  19:09  Siege Tank x2  
  137  19:10  Hellion x3, Command Center  
  137  19:16  Siege Tank  
  140  19:17  Hellion  
  140  19:22  Hellion x2  
  144  19:27  Liberator x2  
  145  19:40  Terran Vehicle And Ship Armor Level 3  
  144  19:58  Orbital Command  
  144  19:59  SCV x3  
  147  20:11  Hellion  
  147  20:12  Hellion x6  
  161  20:25  Thor  
  161  20:26  Hellion x3  
  159  20:38  Cyclone  
  159  20:40  Hellion x4  
  167  20:50  Hellion x5  
  169  21:01  Hellion  
  169  21:08  Cyclone  
  169  21:11  Hellion x3  
  158  21:43  Hellion x3  
  145  21:59  Orbital Command  
  145  22:14  Hellion x3  
  151  22:35  Hellion x3  
  151  22:54  Orbital Command  
  151  23:00  Siege Tank  
  144  23:13  Orbital Command  
  135  23:27  Refinery  
  135  23:31  Refinery  
  135  23:35  Hellion x2, Siege Tank  
  135  23:36  Hellion x3  
  148  23:48  Orbital Command  
  139  23:59  Cyclone  
  139  24:00  Hellion x3  
  138  24:10  Refinery x2  
  135  24:25  Hellion x3  
  141  24:33  Refinery  
  133  24:59  Orbital Command  
  126  25:13  Siege Tank  
  95  25:54  Refinery  
  95  25:55  Refinery  
Tags
 
Add a new tag
Caveats
  • Supply blocks, unpowered buildings, or Contaminate may cause inaccurate times.
  • Supply counts are checked every 10 seconds.